 Dungeon Crawl Stone Soup version 0.18-a0-1683-gf9322e6 (webtiles) character file.

3179 Ijustatesigmund the Covert (level 9, -7/71 HPs)
             Began as an Octopode Assassin on Apr 3, 2016.
             Was a Priest of Cheibriados.
             Mangled by an ogre
             ... wielding a +0 giant club
              (15 damage)
             ... on level 7 of the Dungeon.
             The game lasted 00:32:52 (9516 turns).

Ijustatesigmund the Covert (Octopode Assassin)      Turns: 9516, Time: 00:32:52

Health: -7/71      AC:  1    Str: 19    XL:     9   Next: 95%
Magic:  6/9        EV: 22    Int: 22    God:    Cheibriados [***...]
Gold:   415        SH:  0    Dex: 28    Spells: 1 memorised, 6 levels left

rFire  . . .     SeeInvis .     a - +2 dagger
rCold  . . .     Gourm    .     (no shield)
rNeg   . . .     Faith    .     (helmet restricted)
rPois  .         Spirit   .     (no amulet)
rElec  .         Dismiss  .     (no ring)
rCorr  .         Reflect  .     (no ring)
SustAt .         Harm     .     (no ring)
MR     .....                    (no ring)
Stlth  +++++++++.               (no ring)
                                (no ring)
                                (no ring)
                                (no ring)

@: agile, very slow, not resistant to hostile enchantments, incredibly stealthy
A: almost no armour, amphibious, 8 rings, constrict 8, camouflage 1, gelatinous
body 1
a: Bend Time, Temporal Distortion, Renounce Religion


You were on level 7 of the Dungeon.
You worshipped Cheibriados.
Cheibriados was most pleased with you.
You were not hungry.

You visited 1 branch of the dungeon, and saw 7 of its levels.

You collected 415 gold pieces.

Inventory:

Hand Weapons
 a - a +2 dagger (weapon)
 b - a +1 blowgun
 e - a +1 hunting sling of freezing
 o - a +2 hunting sling of flaming
Missiles
 c - 33 poisoned needles
 x - 6 needles of confusion
 y - 5 javelins (quivered)
 A - 2 curare-tipped needles
Wands
 g - a wand of acid (3/15)
 k - a wand of paralysis (12/24)
 r - a wand of flame (27/48)
 t - a wand of polymorph (5/24)
 u - a wand of disintegration (3/24)
 v - a wand of digging (2/24)
Scrolls
 d - 2 scrolls of recharging
 m - a scroll of amnesia
 q - 2 scrolls of magic mapping
 z - a scroll of immolation
 B - 3 scrolls of remove curse
Potions
 h - a potion of resistance
 i - 3 potions of flight
 j - a potion of brilliance
Books
 s - a book of Geomancy

   Spells                             Type                      Level
   a - Sandblast                      Earth                        1
   b - Passwall                       Transmutation/Earth          2
   c - Stone Arrow                    Conjuration/Earth            3
   d - Petrify                        Transmutation/Earth          4
   e - Lee's Rapid Deconstruction     Earth                        5
 w - a Grand Grimoire

   Spells                             Type                      Level
   a - Monstrous Menagerie            Summoning                    7
   b - Summon Greater Demon           Summoning                    7
   c - Malign Gateway                 Summoning/Translocation      7
   d - Summon Horrible Things         Summoning                    8
Comestibles
 f - 5 bread rations
 l - 6 meat rations
 p - 5 fruits


   Skills:
 - Level 10.4 Fighting
 + Level 6.3 Short Blades
 - Level 4.1 Throwing
 + Level 4.6 Dodging
 - Level 12.8 Stealth
 - Level 2.1 Transmutations
 - Level 2.0 Earth Magic


You had 6 spell levels left.
You knew the following spells:

 Your Spells              Type           Power        Failure   Level  Hunger
a - Passwall              Trmt/Erth      #.........   12%         2    ###....


Dungeon Overview and Level Annotations

Branches:
Dungeon (7/15)             Temple (0/1) D:5

Altars:
Cheibriados
Makhleb
Xom

Shops:
D:5 %[(


Innate Abilities, Weirdness & Mutations

You cannot wear most types of armour.
You are amphibious.
You can wear up to eight rings at the same time.
You can use your tentacles to constrict eight enemies at once.
Your skin changes colour to match your surroundings (Stealth).
Your rubbery body absorbs attacks (AC +1).


Message History

You kill the quokka!
Cheibriados thoroughly appreciates the change of pace.
You feel somewhat more hungry.
You can no longer inflict damage on those overly hasty.
Cheibriados lowers the support of your attributes as your movement quickens.
The ogre hits you with a giant spiked club!!
* * * LOW HITPOINT WARNING * * *
The ogre hits you with a giant club!
* * * LOW HITPOINT WARNING * * *
Read which item? (? for menu, Esc to quit)
Okay, then.
Drink which item? (? for menu, Esc to quit)
You feel agile all of a sudden. The ogre closely misses you.
The ogre closely misses you. The ogre closely misses you. The ogre misses you.
The ogre closely misses you. x2
The ogre hits you with a giant club!
You die...

#......#
#......##
######(.###
#####...########
.................
########..#######
########...##
#......###..# #
#.[....# ##@# .#
#....(.# #O###.#
#......## #O....#
#......)###..####
#..........).##
#......####...#
######## #.#.####
#.#....## .
..#..#..# ...


You could see 2 ogres.

Vanquished Creatures
  The ghost of inmateoo the Chopper, a novice FoAM (D:5)
  Sigmund (D:3)
  Edmund (D:4)
  2 orc warriors (D:6)
  A wasp (D:7)
  A necrophage (D:5)
  2 ogres
  2 centaurs
  2 giant frogs
  2 scorpions
  A howler monkey (D:5)
  5 orc priests
  2 giant frog skeletons
  Crazy Yiuf (D:3)
  2 hounds (D:4)
  9 orc wizards
  Natasha (thrice) (D:3)
  5 worker ants
  Robin (D:4)
  A gnoll (D:1)
  7 adders
  2 shadow imps
  An adder skeleton (D:5)
  4 worms
  2 dart slugs
  7 giant geckos
  19 orcs
  11 bats
  10 giant cockroaches
  19 goblins
  9 hobgoblins
  2 jackals (D:3)
  2 kobolds (D:1)
  3 quokkas
  6 ball pythons
  A giant gecko skeleton (D:4)
  3 giant newts
  11 rats
164 creatures vanquished.

Notes
Turn   | Place    | Note
--------------------------------------------------------------
     0 | D:1      | Ijustatesigmund the Octopode Assassin began the quest for the Orb.
     0 | D:1      | Reached XP level 1. HP: 14/14 MP: 1/1
   190 | D:1      | Reached XP level 2. HP: 19/19 MP: 2/2
   211 | D:1      | Gained mutation: You passively map a small area around you. [potion of beneficial mutation]
   336 | D:1      | Reached XP level 3. HP: 24/24 MP: 3/3
   592 | D:1      | Reached skill level 6 in Stealth
  1228 | D:2      | Reached XP level 4. HP: 29/29 MP: 4/4
  1851 | D:3      | Noticed Natasha
  1859 | D:3      | Killed Natasha
  1971 | D:3      | Noticed an ogre
  1989 | D:3      | Killed an ogre
  1989 | D:3      | Reached skill level 7 in Stealth
  1989 | D:3      | Reached XP level 5. HP: 34/34 MP: 5/5
  2002 | D:3      | Noticed Natasha
  2008 | D:3      | Killed Natasha
  2268 | D:3      | Noticed Natasha
  2276 | D:3      | Killed Natasha
  2276 | D:3      | Reached XP level 6. HP: 39/39 MP: 6/6
  2289 | D:3      | Learned a level 2 spell: Passwall
  2341 | D:2      | Found a snail-covered altar of Cheibriados.
  2343 | D:2      | Became a worshipper of Cheibriados the Contemplative
  2376 | D:3      | Noticed Sigmund
  2382 | D:3      | Killed Sigmund
  2412 | D:3      | Reached skill level 8 in Stealth
  2644 | D:3      | Reached XP level 7. HP: 19/45 MP: 7/7
  2953 | D:3      | Reached skill level 1 in Transmutations
  2953 | D:3      | Reached skill level 1 in Earth Magic
  2963 | D:3      | Reached * piety under Cheibriados
  3253 | D:3      | Found a shimmering altar of Xom.
  3356 | D:3      | Noticed Crazy Yiuf
  3367 | D:3      | Killed Crazy Yiuf
  3450 | D:3      | Reached skill level 10 in Fighting
  3450 | D:3      | Reached skill level 12 in Stealth
  3450 | D:3      | Reached XP level 8. HP: 9/65 MP: 8/8
  3461 | D:3      | HP: 4/97 [poisoned by a scorpion]
  3467 | D:3      | HP: 3/97 [poisoned by a scorpion]
  3473 | D:3      | HP: 2/97 [poisoned by a scorpion]
  3480 | D:3      | HP: 1/97 [poisoned by a scorpion]
  3481 | D:3      | Lost mutation: You passively map a small area around you. [potion of cure mutation]
  3489 | D:3      | HP: 1/65 [poisoned by a scorpion]
  3495 | D:3      | HP: 1/65 [poisoned by a scorpion]
  3502 | D:3      | HP: 1/65 [poisoned by a scorpion]
  3507 | D:3      | HP: 1/65 [poisoned by a scorpion]
  3513 | D:3      | HP: 1/65 [poisoned by a scorpion]
  3519 | D:3      | HP: 1/65 [poisoned by a scorpion]
  4340 | D:4      | Noticed Edmund
  4347 | D:4      | Killed Edmund
  4398 | D:4      | Noticed Robin
  4403 | D:4      | Killed Robin
  4407 | D:4      | Reached ** piety under Cheibriados
  4526 | D:5      | Entered Level 5 of the Dungeon
  4526 | D:5      | Noticed inmateoo's ghost (novice FoAM)
  4789 | D:5      | Reached XP level 9. HP: 58/71 MP: 9/9
  5225 | D:5      | Found Luurig's Food Shoppe.
  5369 | D:6      | Reached skill level 5 in Short Blades
  5760 | D:6      | Reached *** piety under Cheibriados
  6116 | D:5      | Found a staircase to the Ecumenical Temple.
  6493 | D:5      | Found Genogg's Antique Weapon Shoppe.
  6706 | D:5      | Found Con Kul's Antique Armour Shop.
  8737 | D:5      | Killed inmateoo's ghost
  9082 | D:5      | Found a burning altar of Makhleb.
  9152 | D:5      | Reached **** piety under Cheibriados
  9516 | D:7      | Mangled by an ogre

Vault maps used:
D:1:      dpeg_arrival_yet_another_circle
D:2:      lemuel_upstairs_altar
D:3:      xom_teletrap_fun, uniq_sigmund, uniq_natasha, uniq_crazy_yiuf_cottage
D:4:      first_bread, uniq_edmund, uniq_robin
D:5:      lemuel_doored_altar, minmay_temple_entry_from_below_b, serial_shops,
          kennysheep_mini_moat, nicolae_shop_window_shopping, shop_statue
D:6:      minmay_misc_feat_chi, hangedman_decor_opposing
D:7:      grunt_livestock

Skill      XL: |  1  2  3  4  5  6  7  8  9 |
---------------+----------------------------+-----
Stealth        | 6 7 8 12 | 12.8
Short Blades   | 3 4 6 |  6.3
Throwing       | 3 4 |  4.1
Transmutations | 2 |  2.1
Earth Magic    | 2 |  2.0
Fighting       | 10 | 10.4
Dodging        | 2 4 |  4.6

Action                   |  1- 3 |  4- 6 |  7- 9 || total
-------------------------+-------+-------+-------++-------
Melee: Dagger            |    61 |    64 |   216 ||   341
 Fire: Blowgun           |     6 |    10 |    16 ||    32
Throw: Javelin           |       |       |    14 ||    14
 Cast: Passwall          |       |     1 |     2 ||     3
Invok: Slouch            |       |       |     1 ||     1
Evoke: Wand              |       |       |     8 ||     8
  Use: Scroll            |     6 |     3 |     7 ||    16
       Potion            |     2 |     2 |    10 ||    14
 Stab: Sleeping          |    14 |    12 |    16 ||    42
       Distracted        |     1 |       |     1 ||     2
  Eat: Chunk             |     1 |     4 |     4 ||     9
       Fruit             |       |       |     2 ||     2
       Bread ration      |       |       |     1 ||     1
       Beef jerky        |       |       |     1 ||     1
